 Dungeon Crawl Stone Soup version 0.21.0 (webtiles) character file.

50841 Modular the Warrior (level 14, -3/202 HPs)
             Began as a Minotaur Berserker on July 23, 2018.
             Was the Champion of Trog.
             Killed by divine providence
             ... invoked by Saint Roka
              (11 damage)
             ... on level 2 of the Orcish Mines.
             The game lasted 01:59:25 (23535 turns).

Modular the Warrior (Minotaur Berserker)           Turns: 23535, Time: 01:59:25

Health: -3/202     AC: 22    Str: 32    XL:     14   Next: 21%
Magic:  6/6        EV: 10    Int:  4    God:    Trog [******]
Gold:   1753       SH:  0    Dex: 10    Spells: 13/13 levels left

rFire    + + .     SeeInvis +   a - +3 battleaxe (antimagic)
rCold    . . .     Gourm    .   (shield currently unavailable)
rNeg     . . .     Faith    +   H - +3 chain mail {rF+}
rPois    +         Spirit   .   (helmet restricted)
rElec    .         Reflect  .   o - +2 cloak {rPois}
rCorr    .         Harm     .   D - +0 pair of gloves
MR       +....                  m - +1 pair of boots
Stlth    ..........             G - amulet of faith
HPRegen  0.43/turn              K - ring of see invisible
MPRegen  0.10/turn              p - ring of protection from fire

@: berserking, drained, very quick
A: retaliatory headbutt, horns 2
a: Berserk, Trog's Hand, Brothers in Arms, Burn Spellbooks, Renounce Religion


You were on level 2 of the Orcish Mines.
You worshipped Trog.
Trog was exalted by your worship.
You were very hungry.

You visited 3 branches of the dungeon, and saw 19 of its levels.
You also visited: Volcano.

You collected 1753 gold pieces.

Inventory:

Hand Weapons
 a - a +3 antimagic battleaxe (weapon)
 b - a +2 whip of electrocution
 c - a +4 arbalest of flaming
 F - a +2 great mace of flaming
Missiles
 u - 132 bolts
Armour
 m - a +1 pair of boots (worn)
 o - a +2 cloak of poison resistance (worn)
 y - a +0 buckler
 D - a +0 pair of gloves (worn)
 H - a +3 chain mail of fire resistance (worn)
 J - a +0 shield
Jewellery
 p - a ring of protection from fire (right hand)
 G - an amulet of faith (around neck)
 K - a ring of see invisible (left hand)
Wands
 d - a wand of enslavement (10)
 x - a wand of iceblast (10)
 A - a wand of paralysis (36)
 O - a wand of clouds (14)
 T - a wand of acid (27)
Scrolls
 e - 2 scrolls of fear
 f - 7 scrolls of teleportation
 g - a scroll of vulnerability {unknown}
 i - 10 scrolls of remove curse
 k - 2 scrolls of enchant weapon
 l - 4 scrolls of amnesia
 z - 4 scrolls of enchant armour
 N - a scroll of silence {unknown}
 Q - a scroll of acquirement {unknown}
 U - 2 scrolls of summoning {unknown}
 V - 3 scrolls of blinking {unknown}
 Y - a scroll of magic mapping
 Z - 2 scrolls of brand weapon
Potions
 h - 3 potions of haste
 j - 2 potions of berserk rage {unknown}
 n - 2 potions of agility {unknown}
 q - 2 potions of mutation {unknown}
 r - 2 potions of heal wounds {unknown}
 t - 2 potions of lignification {unknown}
 v - 3 potions of might {unknown}
 B - 6 potions of flight
 C - 4 potions of curing
 E - a potion of invisibility {unknown}
 I - 2 potions of magic {unknown}
 M - 3 potions of brilliance
 P - a potion of resistance {unknown}
 R - 2 potions of degeneration {unknown}
 W - a potion of cancellation {unknown}
Miscellaneous
 s - a fan of gales
 w - a phial of floods
Comestibles
 S - 15 rations


   Skills:
 * Level 15.2(14.5) Fighting
 * Level 15.1 Axes
 - Level 8.7(12.2) Maces & Flails
 + Level 6.8(6.2) Crossbows
 + Level 11.1(10.5) Armour
 - Level 2.1(1.7) Dodging
 + Level 9.2(8.6) Shields
 + Level 7.7(7.2) Evocations


You had 13 spell levels left.
You didn't know any spells.

Dungeon Overview and Level Annotations

Branches:
Dungeon (11/15)            Temple (0/1) D:4            Lair (6/6) D:9
 Shoals (0/4) Lair:4        Snake (0/4) Lair:3        Slime (0/5) Lair:6
    Orc (2/2) D:11            Elf (0/3) Orc:2

Altars:
Ashenzari
Cheibriados
Elyvilon
Fedhas
Gozag
Kikubaaqudgha
Nemelex Xobeh
Okawaru
Qazlal
Ru
Wu Jian
Xom
Jiyva

Shops:
D:7 [   D:10 (

Annotations:
Lair:6 exclusion: oklob plant
Orc:2 Saint Roka


Innate Abilities, Weirdness & Mutations

You reflexively headbutt those who attack you in melee.
You have a pair of horns on your head.


Message History

Saint Roka roars a battlecry!
The orc warrior hits you from afar with a trident!
* * * LOW HITPOINT WARNING * * *
You hear a shout!
An orc priest comes into view. 2 orc priests come into view.
You see here a bolt.
You slice the orc warrior like a ripe choko!!!
You kill the orc warrior!
Trog accepts your kill.
You hear a shout!
You closely miss the orc. You headbutt the orc!
You kill the orc!
Trog accepts your kill.
You closely miss the orc warrior.
The orc warrior hits you with a short sword!!
* * * LOW HITPOINT WARNING * * *
Saint Roka calls down the wrath of Beogh upon you.
Beogh smites you!
You die...

....................##
##....
#................#.#
#.. ##...
.................##
#.o# ##..
................ #oo..
##. #[).............
#.o.# .###
.)............# #(.o
..## #.)).).......#
##oo# #..#
..[).........###)o#
#.. ............###(@#
#. .).........###(.##
# ...........##).##
#.....).......##
#............##
##..........##
#..........##
............##
.............##


You could see Saint Roka, 2 orc warriors, 3 orc priests and 2 orcs.

Vanquished Creatures
  Kirke (Lair:4)
  Josephine (Lair:4)
  3 hydras
  Fannar (D:10)
  An ogre mage (Volcano)
  7 two-headed ogres
  3 death yaks (D:9)
  Urug (D:10)
  A hell knight (Volcano)
  A manticore (Lair:4)
  An ugly thing (D:11)
  4 elephants (Lair:6)
  A torpor snail (Lair:6)
  5 black mambas
  A gargoyle (D:11)
  A rime drake (Lair:3)
  6 spiny frogs
  Psyche (D:8)
  3 komodo dragons
  2 trolls
  9 hornets
  3 polar bears
  10 blink frogs
  5 dream sheep (Lair:6)
  10 hippogriffs
  14 spriggans (Lair:6)
  Sigmund (D:2)
  A vampire (D:9)
  4 wraiths (Lair:4)
  A wyvern (D:10)
  6 hogs (Lair:4)
  3 basilisks
  3 fire bats (Lair:6)
  Grum (D:8)
  23 yaks
  2 hungry ghosts
  A steam dragon (Lair:4)
  14 water moccasins
  11 porcupines
  2 soldier ants
  5 black bears
  2 ice beasts (D:7)
  10 orc warriors
  A sky beast (D:10)
  3 phantoms
  7 necrophages
  13 ogres
  25 wolves
  The ghost of AgrsvlyMoist the Magician, an amateur DrAE (D:4)
  The ghost of Modular the Firebug, an amateur DrFE (D:3)
  4 boggarts (Lair:6)
  6 centaurs
  9 crocodiles
  A big kobold (D:9)
  15 bullfrogs
  5 scorpions
  4 killer bees (D:9)
  4 wights (D:7)
  An electric eel (Lair:4)
  A howler monkey (D:6)
  A bullfrog zombie (D:9)
  4 crimson imps
  5 jellies
  13 orc priests
  4 hounds
  Crazy Yiuf (D:3)
  A gnoll shaman (D:4)
  3 centaur skeletons
  A bullfrog skeleton (D:6)
  4 iguanas
  Natasha (twice) (D:2 D:3)
  17 orc wizards
  2 hell rats (D:9)
  10 worker ants
  A hound skeleton (D:8)
  8 gnolls
  19 adders
  2 shadow imps (D:5)
  An ooze (D:3)
  2 adder skeletons
  4 worms
  7 leopard geckos
  38 orcs
  8 giant cockroaches
  3 goblins
  9 hobgoblins
  14 jackals
  15 kobolds
  6 quokkas
  A ball python skeleton (D:3)
  11 bats
  5 frilled lizards
  A jackal skeleton (D:6)
  2 jackal zombies
  9 rats
  6 fungi
  3 plants (Lair:6)
530 creatures vanquished.

Vanquished Creatures (collateral kills)
  An acid dragon (D:6)
  A phantom (D:6)
  A gnoll (D:6)
  A shadow imp (D:6)
4 creatures vanquished.

Vanquished Creatures (others)
  A quokka (D:3)
  20 fungi
  9 plants
30 creatures vanquished.

Grand Total: 564 creatures vanquished

Notes
Turn   | Place    | Note
-------+----------+-------------------------------------------
     0 | D:1      | Modular the Minotaur Berserker began the quest for the Orb.
     0 | D:1      | Reached XP level 1. HP: 19/19 MP: 0/0
   416 | D:1      | Reached XP level 2. HP: 27/27 MP: 1/1
  1053 | D:1      | Reached ** piety under Trog
  1177 | D:2      | Noticed Natasha
  1181 | D:2      | Noticed a crimson imp
  1185 | D:2      | Killed Natasha
  1185 | D:2      | Reached XP level 3. HP: 27/34 MP: 2/2
  1594 | D:2      | Noticed Sigmund
  1612 | D:2      | Killed Sigmund
  1612 | D:2      | Reached skill level 5 in Fighting
  1612 | D:2      | Reached skill level 5 in Axes
  1612 | D:2      | Reached XP level 4. HP: 42/42 MP: 3/3
  1612 | D:2      | Reached XP level 5. HP: 49/49 MP: 4/4
  2374 | D:3      | Reached XP level 6. HP: 57/57 MP: 5/5
  2378 | D:3      | Reached skill level 1 in Maces & Flails
  2452 | D:3      | Found a white marble altar of Elyvilon.
  2455 | D:3      | Noticed Modular's ghost (amateur DrFE)
  2462 | D:3      | Killed Modular's ghost
  2617 | D:3      | Found a shattered altar of Ashenzari.
  2845 | D:3      | Found a sparkling altar of Nemelex Xobeh.
  3073 | D:3      | Found a runed door.
  3078 | D:3      | Noticed Crazy Yiuf
  3082 | D:3      | Killed Crazy Yiuf
  3550 | D:4      | Noticed AgrsvlyMoist's ghost (amateur DrAE)
  3563 | D:3      | Reached *** piety under Trog
  3610 | D:3      | Noticed Natasha
  3617 | D:3      | Killed Natasha
  3724 | D:4      | Killed AgrsvlyMoist's ghost
  3724 | D:4      | Reached XP level 7. HP: 39/64 MP: 6/6
  4151 | D:4      | Found a staircase to the Ecumenical Temple.
  4171 | D:4      | Found an ornate altar of the Wu Jian Council.
  4300 | D:4      | Noticed a hungry ghost
  4315 | D:4      | Reached skill level 5 in Armour
  4333 | D:4      | Killed a hungry ghost
  4333 | D:4      | Reached skill level 1 in Evocations
  4333 | D:4      | Reached XP level 8. HP: 72/73 MP: 7/7
  4792 | D:5      | Entered Level 5 of the Dungeon
  5017 | D:5      | Found a snail-covered altar of Cheibriados.
  5178 | D:5      | Reached **** piety under Trog
  6202 | D:6      | Reached XP level 9. HP: 45/82 MP: 9/9
  6584 | D:6      | Reached ***** piety under Trog
  6739 | D:6      | Reached skill level 5 in Maces & Flails
  6851 | D:7      | Found Lecvimp's Antique Armour Shoppe.
  6868 | D:7      | Reached skill level 1 in Shields
  7026 | D:7      | Found a blossoming altar of Fedhas.
  7027 | D:7      | Found an ancient bone altar of Kikubaaqudgha.
  7054 | D:7      | Received a gift from Trog
  7222 | D:7      | Reached skill level 10 in Fighting
  7253 | D:7      | Reached skill level 10 in Axes
  7701 | D:7      | Found an iron altar of Okawaru.
  7843 | D:8      | Noticed Psyche
  7857 | D:8      | Paralysed by Psyche for 7 turns
  7867 | D:8      | Killed Psyche
  7867 | D:8      | Reached XP level 10. HP: 23/93 MP: 3/11
  8187 | D:8      | Found a sacrificial altar of Ru.
  8291 | D:8      | Noticed a two-headed ogre
  8304 | D:8      | Paralysed by a hornet for 3 turns
  8311 | D:8      | Killed a two-headed ogre
  8721 | D:8      | Noticed Grum
  8733 | D:8      | Killed Grum
 10154 | D:9      | Noticed a death yak
 10155 | D:9      | Noticed a death yak
 10159 | D:9      | Noticed a death yak
 10167 | D:9      | Killed a death yak
 10172 | D:9      | Killed a death yak
 10172 | D:9      | Reached XP level 11. HP: 81/102 MP: 4/13
 10175 | D:9      | Killed a death yak
 10175 | D:9      | Reached skill level 5 in Shields
 10190 | D:9      | Found a staircase to the Lair.
 10436 | D:9      | Received a gift from Trog
 10858 | D:9      | Found a stormy altar of Qazlal.
 11194 | D:10     | Entered Level 10 of the Dungeon
 11340 | D:10     | Noticed a two-headed ogre
 11353 | D:10     | Killed a two-headed ogre
 11353 | D:10     | Reached skill level 1 in Crossbows
 11353 | D:10     | Reached skill level 5 in Evocations
 11909 | D:10     | Noticed Urug
 11924 | D:10     | Killed Urug
 12313 | D:10     | Noticed Fannar
 12323 | D:10     | Killed Fannar
 12562 | D:10     | Found Liruesm's Antique Weapon Shop.
 13197 | D:11     | Found a white marble altar of Elyvilon.
 13239 | D:11     | Found a staircase to the Orcish Mines.
 13266 | D:11     | Noticed a red ugly thing
 13277 | D:11     | Killed a red ugly thing
 14134 | Lair:1   | Entered Level 1 of the Lair of Beasts
 14601 | Lair:1   | Reached XP level 12. HP: 92/113 MP: 5/15
 15719 | Lair:2   | Received a gift from Trog
 15932 | Lair:2   | Noticed a four-headed hydra
 15935 | Lair:2   | Killed a four-headed hydra
 16608 | Lair:3   | Found a staircase to the Snake Pit.
 16980 | Lair:4   | Noticed Kirke
 17343 | Lair:4   | Noticed a seven-headed hydra
 17351 | Lair:4   | Killed a seven-headed hydra
 17668 | Lair:4   | Found a shimmering altar of Xom.
 17762 | Lair:4   | Killed Kirke
 17762 | Lair:4   | Reached skill level 10 in Armour
 17762 | Lair:4   | Reached XP level 13. HP: 115/121 MP: 5/16
 17874 | Lair:4   | Noticed Josephine
 17885 | Lair:4   | Killed Josephine
 18531 | Lair:4   | Reached skill level 5 in Crossbows
 18707 | Lair:4   | Found a staircase to the Shoals.
 19738 | Lair:6   | Entered Level 6 of the Lair of Beasts
 19976 | Lair:6   | Found a dark tunnel.
 19977 | Lair:6   | Received a gift from Trog
 20092 | Volcano  | Entered a volcano
 20596 | Lair:6   | Received a gift from Trog
 20721 | Lair:6   | HP: 2/125 [spriggan rider/vampiric spear (13)]
 20939 | Lair:6   | Found a viscous altar of Jiyva.
 20939 | Lair:6   | Found a staircase to the Slime Pits.
 21306 | Lair:6   | Received a gift from Trog
 21777 | Lair:6   | Found an opulent altar of Gozag.
 21869 | Lair:6   | Reached XP level 14. HP: 133/133 MP: 18/18
 21903 | Lair:6   | Received a gift from Trog
 21996 | Lair:6   | Reached skill level 15 in Fighting
 22422 | Lair:6   | Reached skill level 15 in Axes
 22685 | Orc:1    | Entered Level 1 of the Orcish Mines
 22857 | Orc:2    | Entered Level 2 of the Orcish Mines
 22865 | Orc:2    | Reached ****** piety under Trog
 22865 | Orc:2    | Received a gift from Trog
 23463 | Orc:2    | Found a staircase to the Elven Halls.
 23523 | Orc:2    | Noticed Saint Roka
 23535 | Orc:2    | HP: 8/202 [orc warrior/short sword[Saint Roka] (20)]
 23535 | Orc:2    | Killed from afar by Saint Roka

Skill      XL: |  1  2  3  4  5  6  7  8  9 10 11 12 13 14 |
---------------+-------------------------------------------+-----
Fighting       | 4 5 6 7 8 10 11 12 13 14 15 | 15.2
Axes           | 4 5 6 7 8 10 11 12 13 14 15 | 15.1
Armour         | 3 4 5 6 7 8 9 10 11 | 11.1
Maces & Flails | 2 3 4 5 7 8 |  8.7
Evocations     | 1 2 3 4 5 6 7 |  7.7
Shields        | 2 4 6 7 9 |  9.2
Crossbows      | 2 4 6 |  6.8
Dodging        | |  2.1

Action                   |  1- 3 |  4- 6 |  7- 9 | 10-12 | 13-15 || total
-------------------------+-------+-------+-------+-------+-------++-------
Melee: Hand axe          |    84 |    22 |    94 |    12 |       ||   212
       Headbutt          |     8 |    21 |    62 |    67 |    60 ||   218
       Whip              |     8 |    83 |   187 |    76 |    54 ||   408
       Battleaxe         |       |       |    62 |   296 |   199 ||   557
 Fire: Arbalest          |       |       |       |   152 |   217 ||   369
Invok: Berserk           |     2 |     1 |     2 |    10 |     7 ||    22
       Trog's Hand       |     1 |     3 |     2 |     6 |     3 ||    15
       Burn Spellbooks   |       |       |     3 |     2 |     3 ||     8
       Brothers in Arms  |       |       |     1 |     1 |     1 ||     3
Evoke: Wand              |       |       |     1 |       |       ||     1
  Use: Scroll            |       |     4 |     1 |    12 |    13 ||    30
       Potion            |       |       |       |     1 |     8 ||     9
 Stab: Sleeping          |       |     1 |       |       |       ||     1
       Paralysed         |       |       |       |     1 |       ||     1
  Eat: Chunk             |     3 |     9 |     8 |    12 |    11 ||    43
       Ration            |       |       |     4 |     9 |     4 ||    17
Armor: Animal skin       |    17 |    17 |       |       |       ||    34
       Scale mail        |       |    26 |    22 |       |       ||    48
       Chain mail        |       |       |   151 |   241 |   232 ||   624
Dodge: Dodged            |    64 |    59 |   110 |   194 |   150 ||   577
Block: Shield            |       |       |    20 |       |       ||    20
